 Dungeon Crawl Stone Soup version 0.32-a0-975-g85d4e5bfdb (webtiles) character file.

Game seed: 12976289572575679855

117 Maxmaps the Cudgeller (level 5, 0/50 HPs)
             Began as an Oni Gladiator on Apr 19, 2024.
             Slain by a black bear (4 damage)
             ... on level 4 of the Dungeon.
             The game lasted 00:02:00 (3155 turns).

Maxmaps the Cudgeller (Oni Gladiator)               Turns: 3155, Time: 00:02:01

Health: 0/50       AC:  3    Str: 18    XL:     5   Next: 1%
Magic:  14/14      EV:  9    Int: 11    God:
Gold:   214        SH:  0    Dex: 10    Spells: 4/4 levels left

rFire   . . .        a - +0 flail
rCold   . . .        (no shield)
rNeg    . . .        b - +0 robe
rPois   .            c - +0 hat
rElec   .            (no cloak)
rCorr   .            (gloves unavailable)
SInv    .            (boots unavailable)
Will    .....        (no amulet)
Stlth   +            h - ring of magical power
HPRegen 0.28/turn    (no ring)
MPRegen 0.14/turn

%: no passive effects
@: hasted, very quick
A: large, unfitting armour, horns 1, tough skin 1, double potion healing,
drunken brawling
a: no special abilities


You were on level 4 of the Dungeon.
You visited 1 branch of the dungeon, and saw 4 of its levels.

You collected 214 gold pieces.

Inventory:

Hand Weapons
 a - a +0 flail (weapon)
Missiles
 d - 4 throwing nets (quivered)
 e - a large rock
Armour
 b - a +0 robe (worn)
 c - a +0 hat (worn)
Jewellery
 h - a ring of magical power (left hand)
Scrolls
 f - a scroll of fog {unknown}
 g - 2 scrolls of identify {unknown}
 i - 2 scrolls of blinking {unknown}
 j - 4 scrolls of enchant armour {unknown}
 l - 2 scrolls of teleportation {unknown}
 s - a scroll of vulnerability {unknown}
 t - 2 scrolls of fear {unknown}
 u - a scroll of noise {unknown}
Potions
 k - a potion of haste
 m - 3 potions of curing {unknown}
 n - a potion of enlightenment {unknown}
 o - a potion of berserk rage {unknown}
 p - a potion of ambrosia {unknown}
 q - a potion of resistance {unknown}
 r - a potion of might {unknown}
 v - a potion of invisibility {unknown}


   Skills:
 - Level 2.6 Fighting
 + Level 5.5 Maces & Flails
 - Level 2.0 Throwing
 - Level 2.6 Dodging


You had 4 spell levels left.
You didn't know any spells.
Your spell library contained the following spells:

 Spells                   Type           Power      Damage    Failure   Level
 Kiss of Death            Conj/Necr      0%         2d5       34%         1
 Ensorcelled Hibernation  Hex/Ice        0%         N/A       47%         2
 Confusing Touch          Hex            0%         N/A       71%         3
 Passwall                 Erth           0%         N/A       71%         3
 Swiftness                Air            0%         N/A       71%         3
 Volatile Blastmotes      Fire/Tloc      0%         2d10      71%         3
 Dispel Undead            Necr           0%         3d6       98%         4
 Fulminant Prism          Conj/Alch      0%         3d5       98%         4
 Iskenderun's Mystic Bla Conj/Tloc 0%             2d3        (+2d1     98%         4


Dungeon Overview and Level Annotations

Branches:
Dungeon (4/15)
 Temple: D:4-7

Altars:

Annotations:
D:4 Grinder


Innate Abilities, Weirdness & Mutations

You are too large for most types of armour.
You have a pair of small horns on your head.
You have tough skin. (AC +1)
You gain doubled healing and magic from potions.
Whenever you drink a healing potion, you attack all around you.


Message History

Okay, then.
You hit Grinder but do no damage. Your headbutt misses Grinder.
Grinder hits you.
You writhe in agony.
You closely miss Grinder. You hit Grinder. Your headbutt misses Grinder.
Grinder is lightly wounded.
Grinder hits you.
You writhe in agony.
You sock Grinder!
Grinder is moderately wounded.
Grinder barely misses you. The black bear bites you.
The black bear closely misses you. The black bear claws you.
The black bear attacks as it pursues you!
The black bear bites you. The black bear closely misses you.
The black bear claws you.
* * * LOW HITPOINT WARNING * * *
You closely miss Grinder.
Grinder is moderately wounded.
Grinder blinks!
You barely miss the black bear. The black bear barely misses you. x2
The black bear claws you but does no damage.
You closely miss the black bear. You headbutt the black bear.
The black bear is lightly wounded.
You sock the black bear!
The black bear is moderately wounded.
The black bear bites you but does no damage.
The black bear claws you.
* * * LOW HITPOINT WARNING * * *
The black bear barely misses you.
You hit the black bear.
The black bear is heavily wounded.
The black bear misses you. x2; The black bear claws you.
* * * LOW HITPOINT WARNING * * *
You sock the black bear! You headbutt the black bear.
The black bear is almost dead.
Grinder hits you.
* * * LOW HITPOINT WARNING * * *
You writhe in agony.
* * * LOW HITPOINT WARNING * * *
The black bear bites you.
You die...

##...........## #..............
..?........... ............#
...........# ..........#
..........# .......5h##
........@.## ##. ......#....#
###... ......##)..##......
#)...........##..........
#............###......# .. .#
#............##...##########..
..##.............#...####........
#................................
#...............................


You could see Grinder and a black bear.

Vanquished Creatures
  5 adders
  3 dart slugs
  An orc (D:4)
  4 ball pythons
  5 bats
  5 endoplasms
  A giant cockroach (D:2)
  10 goblins
  10 hobgoblins
  8 jackals
  A quokka (D:2)
  2 kobolds
  4 rats
59 creatures vanquished.

Notes
Turn   | Place    | Note
-------+----------+-------------------------------------------
     0 | D:1      | Maxmaps the Oni Gladiator began the quest for the Orb.
     0 | D:1      | Reached XP level 1. HP: 22/22 MP: 1/1
   349 | D:1      | Reached XP level 2. HP: 26/29 MP: 2/2
   482 | D:1      | Found a faded altar of an unknown god.
   943 | D:2      | Reached skill level 4 in Maces & Flails
   943 | D:2      | Reached XP level 3. HP: 34/36 MP: 3/3
  1414 | D:2      | Reached XP level 4. HP: 44/44 MP: 4/4
  1892 | D:3      | Reached skill level 5 in Maces & Flails
  3104 | D:4      | Reached XP level 5. HP: 41/50 MP: 5/5
  3137 | D:4      | Noticed Grinder
  3139 | D:4      | Paralysed by Grinder for 3 turns
  3139 | D:4      | Noticed a black bear
  3155 | D:4      | Slain by a black bear

Illustrated notes

Levels and vault maps discovered:
D:1:      shiori_arrival_maze, layout_basic, basic_ecumenical_altar
D:2:      layout_basic
D:3:      layout_loops_ring, minmay_goblin_outpost
D:4:      layout_layer_cave, uniq_grinder

Skill      XL: |  1  2  3  4 |
---------------+-------------+-----
Maces & Flails | 4 5 |  5.5
Fighting       | |  2.6
Throwing       | |  2.0
Dodging        | |  2.6

Action                     |  1- 3 |  4- 6 || total
---------------------------+-------+-------++-------
  Melee: Flail             |    84 |   109 ||   193
         Headbutt          |     5 |    17 ||    22
    Use: Potion            |       |     1 ||     1
   Stab: Sleeping          |     1 |       ||     1
 Armour: Robe              |    65 |    89 ||   154
  Dodge: Dodged            |    45 |    61 ||   106

Table legend: (Time is in decaauts)
 A = Elapsed time spent in this place.
 B = Non-inter-level travel time spent in this place.
 C = Inter-level travel time spent in this place.
 D = Time resting spent in this place.
 E = Time spent auto-exploring this place.
 F = Levels seen in this place.
 G = Mean time per level.
                   A        B        C        D        E       F      G
               +--------+--------+--------+--------+--------+-----+--------+
         Total |   3182 |   3081 |    101 |     71 |   2561 |   4 |  795.5 |
       Dungeon |   3182 |   3081 |    101 |     71 |   2561 |   4 |  795.5 |
               +--------+--------+--------+--------+--------+-----+--------+

Top non-repeatable levels by time:
     D:3: 929 daAuts
     D:1: 905 daAuts
     D:2: 678 daAuts
     D:4: 668 daAuts
